 Dungeon Crawl Stone Soup version 0.30-a0-634-g8abc85282e (webtiles) character file.

Game seed: 13760612007880092118

449 Leeroy the Carver (level 7, -1/40 HPs)
             Began as a Tengu Warper on Jan 14, 2023.
             Slain by an ogre
             ... wielding a +0 giant club
              (23 damage)
             ... on level 4 of the Dungeon.
             The game lasted 00:04:39 (4375 turns).

Leeroy the Carver (Tengu Warper)                    Turns: 4375, Time: 00:04:39

Health: -1/40      AC:  4    Str: 11    XL:     7   Next: 4%
Magic:  9/11       EV: 15    Int: 13    God:
Gold:   231        SH:  0    Dex: 22    Spells: 1/10 levels left

rFire   . . .      SeeInvis .    a - +0 falchion
rCold   . . .      Faith    .    (no shield)
rNeg    . . .      Spirit   .    b - +0 leather armour
rPois   .          Reflect  .    (helmet restricted)
rElec   .          Harm     .    u - +0 cloak
rCorr   .          Rampage  .    (no gloves)
Will    .....                    (boots unavailable)
Stlth   ++                       q - amulet of magic regeneration
HPRegen 0.26/turn                g - +6 ring of dexterity
MPRegen 0.52/turn                (no ring)

@: flying quickly and evasively, quick
A: beak, talons 3, nimble flight
a: no special abilities


You were on level 4 of the Dungeon.
You visited 1 branch of the dungeon, and saw 4 of its levels.

You collected 231 gold pieces.

Inventory:

Hand Weapons
 a - a +0 falchion (weapon)
 p - a +2 dagger of draining
 w - a +2 dagger of venom
Missiles
 d - 7 boomerangs of dispersal (quivered)
Armour
 b - a +0 leather armour (worn)
 u - a +0 cloak (worn)
Magical Staves
 e - a staff of cold
Jewellery
 g - a +6 ring of dexterity (left hand)
 q - an amulet of magic regeneration (around neck)
Scrolls
 c - a scroll of blinking
 f - a scroll of fear {unknown}
 h - 2 scrolls of vulnerability {unknown}
 j - a scroll of fog {unknown}
 m - a scroll of enchant weapon {unknown}
 o - 4 scrolls of teleportation {unknown}
 t - 3 scrolls of identify {unknown}
 v - a scroll of poison {unknown}
Potions
 i - 2 potions of flight {unknown}
 k - 5 potions of curing {unknown}
 l - a potion of lignification {unknown}
 n - a potion of brilliance {unknown}
 r - a potion of attraction {unknown}
 s - a potion of haste {unknown}


   Skills:
 - Level 2.0 Fighting
 + Level 8.1 Long Blades
 - Level 1.0 Throwing
 - Level 1.1 Armour
 - Level 2.1 Dodging
 - Level 2.0 Spellcasting
 - Level 2.4 Translocations


You had one spell level left.
You knew the following spells:

 Your Spells              Type           Power      Damage    Failure   Level
a - Blink                 Tloc           14%        N/A       19%         2
b - Vhi's Electric Charg  Tloc/Air       8%         N/A       52%         3
c - Manifold Assault      Tloc           7%         N/A       77%         4

Your spell library contained the following spells:

 Spells                   Type           Power      Damage    Failure   Level
 Lesser Beckoning         Tloc           14%        N/A       36%         3
 Teleport Other           Tloc           7%         N/A       36%         3
 Ignite Poison            Fire/Tmut/Pois 1%         N/A       69%         3
 Sticky Flame             Conj/Fire      1%         2d3       97%         4
 Ignition                 Fire           0%         3d3       100%        8


Dungeon Overview and Level Annotations

Branches:
Dungeon (4/15)
 Temple: D:4-7

Altars:

Annotations:
D:3 1 runed translucent door, Crazy Yiuf


Innate Abilities, Weirdness & Mutations

You have a beak for a mouth.
You have claws for feet.
Your magical nature lets you fly swiftly and evasively.


Message History

The phantom is heavily damaged.
The phantom hits you but does no damage.
You hit the phantom. Your kick misses the phantom.
Your peck misses the phantom.
The phantom is severely damaged.
The phantom hits you.
You completely miss the phantom. Your kick misses the phantom.
You peck the phantom, but do no damage.
The phantom is severely damaged.
The phantom misses you.
You slash the phantom!
You destroy the phantom!
Your Long Blades skill increases to level 8!
You have reached level 7!
t - 3 scrolls labelled HUSUIP FI LUCI (gained 1)
You reach down and open the door.
There is an open door here.
You reach down and open the door.
Found an escape hatch in the floor.
There is an open door here.
There is an escape hatch in the floor here.
You reach down and open the door.
There is an open door here.
Found 11 gold pieces.
The ogre shouts!
Casting: Vhi's Electric Charge (quite dangerous; 52% risk of failure)
Confirm with . or Enter, or press ? or * to list all spells.
The spell is quite dangerous to miscast (52% risk of failure)!
Continue anyway?
Charge where?
Press: ? - help, Dir - move target, f - ogre
Aim: an ogre, wielding a +0 giant club (94% to hit)
You charge forward with an electric crackle!
You slash the ogre and electrocute it! You peck the ogre.
The ogre is heavily wounded.
The ogre hits you with a +0 giant club!!
You hit the ogre. Your kick misses the ogre.
The ogre is severely wounded.
The ogre hits you with a +0 giant club!!
Ouch! That really hurt!
You die...

###.....# ........# #.......#
........# #.......# ..†.....#
#.......# ........# #.......#
........#####.......#
####................#
#..'............O...#####
#..#............@........
#..#............○...........#
#..####+#######.°...........#
......# +.○...........#
......# #.....####....#
#..#### #.....#..#....# #..#
#.....#'###..#....# +..#
#.$...#..+...#....# #..#
#.....#..#...'....#


You could see an ogre.

Vanquished Creatures
  2 phantoms (D:4)
  An orc priest (D:2)
  A hound (D:4)
  2 orc wizards
  5 gnolls
  4 adders
  2 worms
  15 orcs
  8 ball pythons
  4 endoplasms
  6 giant cockroaches
  6 hobgoblins
  3 jackals (D:1)
  2 quokkas (D:2)
  7 bats
  2 frilled lizards
  8 goblins
  5 rats
83 creatures vanquished.

Notes
Turn   | Place    | Note
-------+----------+-------------------------------------------
     0 | D:1      | Leeroy the Tengu Warper began the quest for the Orb.
     0 | D:1      | Reached XP level 1. HP: 12/12 MP: 4/4
   130 | D:1      | Reached skill level 3 in Long Blades
   130 | D:1      | Reached XP level 2. HP: 14/17 MP: 6/6
   494 | D:1      | Reached XP level 3. HP: 21/21 MP: 7/7
   724 | D:1      | Reached skill level 4 in Long Blades
  1083 | D:2      | Reached XP level 4. HP: 26/26 MP: 8/8
  1109 | D:2      | Found a faded altar of an unknown god.
  1133 | D:2      | You fall into a shaft and drop 2 floors!
  1193 | D:4      | Noticed a phantom
  1199 | D:4      | Learned a level 2 spell: Blink
  1206 | D:4      | Killed a phantom
  1207 | D:4      | Reached skill level 5 in Long Blades
  1207 | D:4      | Gained mutation: Your magical nature lets you fly swiftly
                  | and evasively. [Tengu growth]
  1207 | D:4      | Reached XP level 5. HP: 19/30 MP: 9/9
  1292 | D:4      | Reached skill level 6 in Long Blades
  1297 | D:4      | Learned a level 3 spell: Vhi's Electric Charge
  1335 | D:4      | Noticed an ogre
  1782 | D:2      | Reached XP level 6. HP: 15/35 MP: 10/10
  2133 | D:2      | Learned a level 4 spell: Manifold Assault
  2854 | D:3      | Reached skill level 7 in Long Blades
  3360 | D:3      | Found a runed translucent door.
  3361 | D:3      | Noticed Crazy Yiuf
  4341 | D:4      | Reached skill level 8 in Long Blades
  4341 | D:4      | Reached XP level 7. HP: 38/40 MP: 11/11
  4375 | D:4      | Slain by an ogre

Illustrated notes

Levels and vault maps discovered:
D:1:      tarquinn_simple_flora_water_d, layout_basic, serial_corexii_hall,
          chequers_hall_statues_corner_a, corexii_hall_statues_u
D:2:      layout_rooms, shapermc_ecumenical_altar_pompeii,
          minmay_misc_feat_cross
D:3:      layout_basic, uniq_crazy_yiuf_cottage
D:4:      layout_gridville, uniq_duvessa

Skill      XL: |  1  2  3  4  5  6 |
---------------+-------------------+-----
Long Blades    | 3 4 5 6 8 |  8.1
Fighting       | |  2.0
Throwing       | |  1.0
Armour         | |  1.1
Dodging        | |  2.1
Spellcasting   | |  2.0
Translocations | |  2.4

Action                   |  1- 3 |  4- 6 |  7- 9 || total
-------------------------+-------+-------+-------++-------
Melee: Falchion          |    69 |   129 |     2 ||   200
       Kick              |    13 |    41 |       ||    54
       Peck              |     9 |    25 |     1 ||    35
       Punch             |     1 |     1 |       ||     2
 Cast: Vhi's Electric Ch |       |     2 |     1 ||     3
 Stab: Sleeping          |     2 |     1 |       ||     3
       Distracted        |       |     1 |       ||     1
Armor: Leather armour    |    18 |    16 |       ||    34
Dodge: Dodged            |    50 |    73 |       ||   123

Table legend: (Time is in decaauts)
 A = Elapsed time spent in this place.
 B = Non-inter-level travel time spent in this place.
 C = Inter-level travel time spent in this place.
 D = Time resting spent in this place.
 E = Time spent auto-exploring this place.
 F = Levels seen in this place.
 G = Mean time per level.
                   A        B        C        D        E       F      G
               +--------+--------+--------+--------+--------+-----+--------+
         Total |   4250 |   4196 |     54 |   1367 |   2171 |   4 | 1062.5 |
       Dungeon |   4250 |   4196 |     54 |   1367 |   2171 |   4 | 1062.5 |
               +--------+--------+--------+--------+--------+-----+--------+

Top non-repeatable levels by time:
     D:2: 1617 daAuts
     D:3: 1121 daAuts
     D:1: 1051 daAuts
     D:4: 460 daAuts
